 Dungeon Crawl Stone Soup version 0.32-a0-953-g508020473e (webtiles) character file.

Game seed: 1941529416165040891

2381 Fodor the Cleaver (level 9, -17/75 HPs)
             Began as a Minotaur Fighter on Apr 16, 2024.
             Was an Initiate of Gozag.
             Engulfed by a cloud of flame (25 damage)
             ... on level 6 of the Dungeon.
             The game lasted 00:20:09 (6701 turns).

Fodor the Cleaver (Minotaur Fighter)                Turns: 6701, Time: 00:20:10

Health: -17/75     AC: 13    Str: 29      XL:     9   Next: 22%
Magic:  8/8        EV:  7    Int:  7 (8)  God:    Gozag
Gold:   563        SH: 12    Dex:  9 (10) Spells: 8/8 levels left

rFire   x . .        j - +0 trident "Caippe Mexi" {heavy, rN+ Str+3 Int+2}
rCold   + + .        F - +0 tower shield
rNeg    + . .        f - +0 chain mail
rPois   +            (helmet restricted)
rElec   .            (no cloak)
rCorr   .            B - +0 pair of gloves
SInv    .            h - +0 pair of boots
Will    .....        (no amulet) Stlth
                     q - ring of ice
HPRegen 0.32/turn    b - ring of protection from cold
MPRegen 0.11/turn

%: no passive effects
@: no status effects
A: horns 2, retaliatory headbutt, deterioration 1, poison resistance, strong 1
a: Renounce Religion, Potion Petition, Call Merchant, Bribe Branch


You were on level 6 of the Dungeon.
You worshipped Gozag.
Gozag was pleased with you.
You visited 2 branches of the dungeon, and saw 7 of its levels.
You also visited: Sewer.

You collected 703 gold pieces.
You spent 56 gold pieces at shops.
You paid 84 gold pieces to Gozag.

Inventory:

Hand Weapons
 a - a +0 war axe
 j - the +0 trident "Caippe Mexi" (weapon) {heavy, rN+ Str+3 Int+2}
   (You found it on level 5 of the Dungeon)

   Str+3:     It affects your strength (+3).
   Int+2:     It affects your intelligence (+2).
   rN+:       It protects you from negative energy.
Missiles
 r - 5 boomerangs (quivered)
Armour
 f - a +0 chain mail (worn)
 h - a +0 pair of boots (worn)
 B - a +0 pair of gloves (worn)
 F - a +0 tower shield (worn)
Jewellery
 b - a ring of protection from cold (right hand)
 q - a ring of ice (left hand)
 t - the ring of the Rabble {rElec rF+ rC++ rN+ Int-2}
   (You found it on level 2 of the Dungeon)

   [ring of protection from fire]

   Int-2:     It affects your intelligence (-2).
   rF+:       It protects you from fire.
   rC++:      It greatly protects you from cold.
   rElec:     It insulates you from electricity.
   rN+:       It protects you from negative energy.
 G - an amulet of guardian spirit
Talismans
 e - a talisman of death
Wands
 C - a wand of light (13)
 I - a wand of roots (15)
Scrolls
 g - 4 scrolls of revelation
 i - 3 scrolls of fog
 m - a scroll of torment
 p - 2 scrolls of vulnerability
 s - a scroll of enchant armour {unknown}
 u - 6 scrolls of teleportation
 w - 3 scrolls of enchant weapon
 y - 2 scrolls of amnesia
 E - a scroll of fear {unknown}
Potions
 c - a potion of curing
 d - 3 potions of might
 k - a potion of degeneration {unknown}
 l - a potion of mutation
 n - a potion of ambrosia
 o - 3 potions of heal wounds
 v - a potion of lignification {unknown}
 x - a potion of brilliance {unknown}
 z - 2 potions of attraction {unknown}
 A - a potion of berserk rage {unknown}
 D - a potion of haste {unknown}
 H - a potion of invisibility {unknown}


   Skills:
 + Level 6.2 Fighting
 + Level 8.7(9.3) Axes
 + Level 4.8(7.4) Polearms
 + Level 1.5 Throwing
 + Level 8.1 Armour
 + Level 2.8 Dodging
 + Level 0.7 Stealth
 + Level 6.4 Shields


You had 8 spell levels left.
You didn't know any spells.
Your spell library contained the following spells:

 Spells                   Type           Power      Damage    Failure   Level
 Shock                    Conj/Air       0%         1d3       99%         1
 Lesser Beckoning         Tloc           0%         N/A       100%        2
 Maxwell's Portable Pile  Tloc           0%         2d(5-13)  100%        3
 Swiftness                Air            0%         N/A       100%        3
 Teleport Other           Tloc           0%         N/A       100%        3
 Airstrike                Air            0%         2d(0-16)  100%        4


Dungeon Overview and Level Annotations

Branches:
Dungeon (6/15)             Temple (1/1) D:4           Sewer (visited)

Altars:
Cheibriados
Dithmenos
Fedhas
Gozag
Hepliaklqana
Kikubaaqudgha
Nemelex Xobeh
Okawaru
Qazlal
Ru
Sif Muna
Vehumet
Wu Jian
Xom
Zin
The Shining One

Shops:
D:4 *

Annotations:
D:6 1 runed translucent door


Innate Abilities, Weirdness & Mutations

You have a pair of horns on your head.
You reflexively headbutt those who attack you in melee.
Your body sometimes deteriorates upon taking damage.
Your system is resistant to poisons. (rPois)
Your muscles are strong. (Str +4, Int/Dex -1)


Message History

Found 2 poisoned darts.
E - a scroll labelled RUIFU HIARPHE You now have 542 gold pieces (gained 10).
You see here 2 poisoned darts.
C - a wand of light (13) (gained 7 charges)
Okay, then.
Unknown command.
You start waiting.
Done waiting.
Okay, then.
You are engulfed in blazing flames.
You are engulfed in blazing flames.
You are engulfed in blazing flames.
* * * LOW HITPOINT WARNING * * *
You now have 550 gold pieces (gained 8).
You now have 563 gold pieces (gained 13).
G - an amulet of guardian spirit
Okay, then.
H - a fizzy emerald potion You start resting.
HP restored.
Okay, then.
You are engulfed in blazing flames.
You are engulfed in blazing flames.
You see here a wand of roots (15).
You are engulfed in blazing flames.
* * * LOW HITPOINT WARNING * * *
You start resting.
HP restored.
You are engulfed in blazing flames.
You are engulfed in blazing flames.
* * * LOW HITPOINT WARNING * * *
Your body deteriorates!
You feel dopey.
I - a wand of roots (15)
You are engulfed in blazing flames.
* * * LOW HITPOINT WARNING * * *
Your body deteriorates!
You feel clumsy.
You are engulfed in blazing flames.
You die...
Your body crumbles into a pile of gold.

#.###.(..### #.§§#
#..........#####...#######
#####.....#.§§§.....§§§..#
#.......○§○.....§§§..##
#....##.☼☼°......§°...##
#....#######...######..######
###### #☼☼°# #......... #§§§#
###.###### #@§§# #........
######...######...#####
#...............#.#
#............#....###
###############....># #.###.#
#.# #.### #.# #.).. #.# #.###


There were no monsters in sight!

Vanquished Creatures
  Pikel (D:6)
  A hornet (D:6)
  A black bear (D:6)
  Pargi (Sewer)
  3 ogres
  A phantom (D:5)
  A brain worm (Sewer)
  A kobold brigand (D:6)
  3 scorpions
  A gnoll sergeant (D:5)
  3 orc priests
  2 bombardier beetles
  3 hounds (D:5)
  A gnoll bouda (D:5)
  4 iguanas
  Ijyb (D:3)
  4 orc wizards (D:4)
  11 gnolls (D:5)
  8 adders
  2 river rats (D:3)
  A white imp (D:6)
  4 ribbon worms
  19 orcs
  8 ball pythons
  8 endoplasms
  2 giant cockroaches
  7 hobgoblins
  6 jackals
  10 kobolds
  4 quokkas
  6 bats
  3 frilled lizards (Sewer)
  9 goblins
  6 rats
146 creatures vanquished.

Vanquished Creatures (collateral kills)
  An orc (D:4)
1 creature vanquished.

Grand Total: 147 creatures vanquished

Notes
Turn   | Place    | Note
-------+----------+-------------------------------------------
     0 | D:1      | Fodor the Minotaur Fighter began the quest for the Orb.
     0 | D:1      | Reached XP level 1. HP: 19/19 MP: 0/0
    41 | D:1      | Found a faded altar of an unknown god.
   170 | D:1      | Reached XP level 2. HP: 27/27 MP: 1/1
   845 | D:2      | Reached XP level 3. HP: 32/33 MP: 2/2
  1006 | D:2      | Identified the +0 ring mail "Xoplimn" {Rampage *Slow rElec}
  1079 | D:2      | Identified the ring of the Rabble {rElec rF+ rC++ rN+
                  | Int-2}
  1559 | D:3      | Noticed a scorpion
  1569 | D:3      | Killed a scorpion
  1570 | D:3      | Reached XP level 4. HP: 16/40 MP: 3/3
  1733 | D:3      | Reached XP level 5. HP: 44/46 MP: 4/4
  1780 | D:3      | Found a glowing drain.
  1784 | Sewer    | Entered a sewer
  1815 | Sewer    | Reached skill level 1 in Dodging
  1826 | Sewer    | Noticed Pargi
  1832 | Sewer    | Killed Pargi
  1833 | Sewer    | Reached skill level 5 in Axes
  1833 | Sewer    | Reached skill level 5 in Armour
  1878 | Sewer    | Reached XP level 6. HP: 40/53 MP: 3/5
  2095 | D:3      | Reached skill level 1 in Throwing
  2217 | D:3      | Noticed Ijyb
  2223 | D:3      | Killed Ijyb
  2707 | D:4      | Found Sipil's General Store.
  2729 | D:4      | Bought a scroll of identify for 28 gold pieces
  2729 | D:4      | Bought a scroll of identify for 28 gold pieces
  2874 | D:4      | Reached XP level 7. HP: 39/60 MP: 6/6
  2888 | D:4      | Gained mutation: Your system is resistant to poisons.
                  | (rPois) [potion of mutation]
  2888 | D:4      | Gained mutation: Your body sometimes deteriorates upon
                  | taking damage. [potion of mutation]
  2888 | D:4      | Gained mutation: Your muscles are strong. (Str +4, Int/Dex
                  | -1) [potion of mutation]
  3285 | D:4      | Found a staircase to the Ecumenical Temple.
  3291 | Temple   | Entered the Ecumenical Temple
  3299 | Temple   | Became a worshipper of Gozag Ym Sagoz the Greedy
  4068 | D:5      | Entered Level 5 of the Dungeon
  4140 | D:5      | Identified the +0 trident "Caippe Mexi" {heavy, rN+ Str+3
                  | Int+2}
  4166 | D:5      | Reached skill level 5 in Fighting
  4216 | D:5      | Reached XP level 8. HP: 68/68 MP: 7/7
  4322 | D:5      | Found a shadowy altar of Dithmenos.
  4766 | D:5      | Found a blossoming altar of Fedhas.
  4812 | D:5      | Reached skill level 1 in Polearms
  5042 | D:5      | Reached skill level 5 in Shields
  5594 | D:6      | Noticed a hornet
  5601 | D:6      | Killed a hornet
  5877 | D:6      | Noticed Pikel
  5884 | D:6      | Killed Pikel
  5885 | D:6      | Reached XP level 9. HP: 63/75 MP: 8/8
  5897 | D:6      | Found a runed translucent door.
  6701 | D:6      | Engulfed by a cloud of flame

Illustrated notes

Levels and vault maps discovered:
D:1:      wheals_arrival_linesprint, layout_loops_cross,
          ebering_ecumenical_altar_webs, nicolae_figureground_pulse
D:2:      layout_basic
D:3:      layout_basic, gup_sewer_entry_spiral, minmay_goblin_outpost, uniq_ijyb
D:4:      layout_rooms, minmay_temple_entry_waves, serial_shops, shop
D:5:      layout_loops_corners, fedhas_altar_1,
          grunt_dithmenos_smoke_and_mirrors, minmay_misc_feat_four_crosses
D:6:      layout_basic, ebering_ghost_reflecting_pool, lemuel_flame_loot_1,
          uniq_pikel
Temple:   nicolae_temple_two_arcs

Skill      XL: |  1  2  3  4  5  6  7  8 |
---------------+-------------------------+-----
Armour         | 4 5 6 8 |  8.1
Axes           | 3 4 5 6 8 |  8.7
Fighting       | 4 5 6 |  6.2
Shields        | 4 6 |  6.4
Dodging        | 1 2 |  2.8
Throwing       | 1 |  1.5
Polearms       | 4 |  4.8
Stealth        | |  0.7

Action                     |  1- 3 |  4- 6 |  7- 9 || total
---------------------------+-------+-------+-------++-------
  Melee: War axe           |    64 |    86 |    67 ||   217
         Headbutt          |     8 |    18 |    30 ||    56
         Trident           |       |       |   119 ||   119
         Unarmed           |       |       |     1 ||     1
  Throw: Boomerang         |     3 |    14 |     3 ||    20
    Use: Scroll            |       |     8 |     4 ||    12
         Potion            |       |       |     4 ||     4
 Armour: Scale mail        |    42 |    91 |    44 ||   177
         Chain mail        |       |       |   134 ||   134
  Dodge: Dodged            |    35 |    39 |    73 ||   147
  Block: Buckler           |    19 |    27 |    22 ||    68
         Tower shield      |       |       |    82 ||    82

Table legend: (Time is in decaauts)
 A = Elapsed time spent in this place.
 B = Non-inter-level travel time spent in this place.
 C = Inter-level travel time spent in this place.
 D = Time resting spent in this place.
 E = Time spent auto-exploring this place.
 F = Levels seen in this place.
 G = Mean time per level.
                   A        B        C        D        E       F      G
               +--------+--------+--------+--------+--------+-----+--------+
         Total |   6912 |   6705 |    207 |   1500 |   3206 |   8 |  864.0 |
       Dungeon |   6742 |   6535 |    207 |   1500 |   3206 |   6 | 1123.7 |
        Temple |     18 |     18 |      0 |      0 |      0 |   1 |   18.0 |
         Sewer |    151 |    151 |      0 |      0 |      0 |   1 |  151.0 |
               +--------+--------+--------+--------+--------+-----+--------+

Top non-repeatable levels by time:
     D:6: 1411 daAuts
     D:4: 1354 daAuts
     D:5: 1306 daAuts
     D:3: 1104 daAuts
     D:1: 802 daAuts
     D:2: 763 daAuts
   Sewer: 151 daAuts
  Temple: 18 daAuts
